 Dungeon Crawl Stone Soup version 0.30-a0-845-g7c6808c8ce (webtiles) character file.

Game seed: 5760521973364689119

400 Nonny the Twirler (level 6, -2/32 HPs)
             Began as a Vine Stalker Gladiator on Mar 3, 2023.
             Was a Believer of Uskayaw.
             Slain by a quasit (3 damage)
             ... summoned by Eustachio
             ... on level 4 of the Dungeon.
             The game lasted 00:19:44 (3139 turns).

Nonny the Twirler (Vine Stalker Gladiator)          Turns: 3139, Time: 00:19:44

Health: -2/32      AC: 10    Str: 17    XL:     6   Next: 84%
Magic:  0/7        EV:  7    Int: 14    God:    Uskayaw [**....]
Gold:   252        SH:  0    Dex: 17    Spells: 5/5 levels left

rFire   . . .      SeeInvis .    a - +0 quarterstaff
rCold   . . .      Faith    .    (shield currently unavailable)
rNeg    . . .      Spirit   +    f - +0 chain mail
rPois   .          Reflect  .    c - +1 helmet
rElec   .          Rampage  .    g - scarf {repulsion}
rCorr   .                        (no gloves)
Will    .....                    (no boots) Stlth
                                 (no amulet)
HPRegen 1.05/turn                j - +6 ring of intelligence
MPRegen 0.10/turn                (no ring)

@: repel missiles
A: fangs 2, regeneration 1, magic shield, antimagic bite, no potion heal 2
a: Renounce Religion, Stomp, Line Pass


You were on level 4 of the Dungeon.
You worshipped Uskayaw.
Uskayaw was noncommittal.
You visited 1 branch of the dungeon, and saw 4 of its levels.
You also visited: Sewer.

You collected 252 gold pieces.

Inventory:

Hand Weapons
 a - a +0 quarterstaff (weapon)
Missiles
 d - 3 throwing nets (quivered)
 e - a javelin
 n - 4 poisoned darts
Armour
 c - a +1 helmet (worn)
 f - a +0 chain mail (worn)
 g - a scarf of repulsion (worn)
 p - a +0 plate armour
Jewellery
 b - a ring of willpower
 j - a +6 ring of intelligence (left hand)
Scrolls
 h - a scroll of enchant weapon {unknown}
 k - a scroll of silence {unknown}
 m - a scroll of fog {unknown}
 o - a scroll of teleportation
 r - a scroll of amnesia {unknown}
Potions
 i - a potion of flight {unknown}
 l - a potion of curing
 q - a potion of brilliance


   Skills:
 + Level 3.1 Fighting
 + Level 5.5 Staves
 - Level 1.7 Throwing
 - Level 2.4 Dodging
 * Level 3.9 Stealth


You had 5 spell levels left.
You didn't know any spells.
Your spell library contained the following spells:

 Spells                   Type           Power      Damage    Failure   Level
 Foxfire                  Conj/Fire      0%         2x1d4     99%         1
 Airstrike                Air            0%         2d(0-16)  100%        4
 Summon Lightning Spire   Summ/Air       0%         N/A       100%        4
 Fireball                 Conj/Fire      0%         3d3       100%        5
 Lightning Bolt           Conj/Air       0%         1d11      100%        5
 Starburst                Conj/Fire      0%         6d3       100%        6


Dungeon Overview and Level Annotations

Branches:
Dungeon (4/15)              Sewer (visited)
 Temple: D:4-7

Altars:
Hepliaklqana
Uskayaw
Vehumet

Annotations:
D:4 Eustachio


Innate Abilities, Weirdness & Mutations

You have extremely sharp teeth.
Your natural rate of healing is unusually fast.
When hurt, damage is shared between your health and your magic reserves.
Your bite disrupts and absorbs the magic of your enemies.
Potions cannot restore your health.


Message History

* * * LOW HITPOINT WARNING * * *
Eustachio falters for a moment.
You can now pass through a line of other dancers.
Unknown command.
Unknown command.
You closely miss Eustachio. You bite Eustachio.
Eustachio's magic leaks into the air.
You drain his magic.
You feel invigorated.
Eustachio is almost dead.
The ufetubus completely misses you.
The ufetubus hits you but does no damage.
The endoplasm closely misses you.
Eustachio falters for a moment.
The quasit barely misses you. The quasit claws you.
* * * LOW HITPOINT WARNING * * *
The quasit barely misses you. The ufetubus barely misses you. x2
The shadow imp barely misses you.
Unknown command.
You completely miss Eustachio.
Eustachio is almost dead.
The quasit bites you but does no damage.
The quasit barely misses you. x2; The ufetubus closely misses you.
The ufetubus hits you but does no damage.
The endoplasm hits you.
* * * LOW HITPOINT WARNING * * *
Eustachio falters for a moment.
The shadow imp hits you but does no damage.
Unknown command.
You closely miss Eustachio.
Eustachio is almost dead.
The ufetubus hits you but does no damage. x2
The quasit bites you but does no damage.
The quasit completely misses you. x2; Eustachio hits you with a +0 rapier!
* * * LOW HITPOINT WARNING * * *
The endoplasm freezes you.
You are frozen.
* * * LOW HITPOINT WARNING * * *
The ufetubus closely misses you.
The ufetubus hits you but does no damage.
The quasit bites you.
You die...

##.# #.####.. ........#
#######.#....# ......... #
#.#.......# .........
###..†..##.#### .........
.....#.##.....## .........
##...####......## .........
.....####..##...## ......#..
....##.....##..5@##.## .<....##..
..####.........5@....#.........#.
....#..#.......5.J.............#.
....##.................#.........
.......).........##...###........
.................. ....###.......
.........#....).... .............
.........#.#....### .............
...........#.....# .............
##.#.............. .......<...†#


You could see Eustachio (magic disrupted), a quasit (summoned), a shadow imp
(summoned), an ufetubus (summoned) and an endoplasm.

Vanquished Creatures
  2 bullfrogs (Sewer)
  An iguana (D:4)
  An orc wizard (D:3)
  7 adders
  An ufetubus (D:3)
  6 worms
  5 orcs (D:3)
  15 endoplasms
  8 giant cockroaches
  7 hobgoblins
  10 quokkas (Sewer)
  19 ball pythons
  8 bats
  17 frilled lizards
  5 goblins
  8 kobolds
  4 rats
124 creatures vanquished.

Vanquished Creatures (others)
  3 plants (D:2)
3 creatures vanquished.

Grand Total: 127 creatures vanquished

Notes
Turn   | Place    | Note
-------+----------+-------------------------------------------
     0 | D:1      | Nonny the Vine Stalker Gladiator began the quest for the
                  | Orb.
     0 | D:1      | Reached XP level 1. HP: 11/11 MP: 2/2
   102 | D:1      | chain mail north of start
   102 | D:1      | Starting vault: cardinal directions
   209 | D:1      | Reached skill level 3 in Staves
   209 | D:1      | Reached skill level 1 in Stealth
   209 | D:1      | Reached XP level 2. HP: 15/15 MP: 3/3
   332 | D:1      | Found a faded altar of an unknown god.
   353 | D:1      | Unknown altar in southeast corner.
   420 | D:1      | +6 int ring north of unknown altar chamber (to the left)
   710 | D:1      | Strange stream area in the northwest; appears to be empty.
   726 | D:1      | Could be a good escape route for merfolk with Passwall.
   932 | D:2      | Book of Fire
   970 | D:2      | Reached XP level 3. HP: 18/18 MP: 4/4
  1089 | D:2      | Another Book of Fire. Odd.
  1243 | D:2      | Through a hallway in the southeast you can access a room
                  | with lots of frilled lizards and a kobold.
  1498 | D:2      | Gained mutation: Your natural rate of healing is unusually
                  | fast. [Vine Stalker growth]
  1498 | D:2      | Reached XP level 4. HP: 18/23 MP: 3/5
  1596 | D:2      | Found a hazy altar of Hepliaklqana.
  1611 | D:2      | tower shield
  1906 | D:3      | BUOMAN FUIMPUKH - teleport
  1907 | D:3      | SETUCSUXT - enchant armor
  1908 | D:3      | SIUTOUS KOWKY - identify
  1908 | D:3      | amethyst potion - heal wounds
  1908 | D:3      | Found a radiant altar of Vehumet.
  1939 | D:3      | Found a glowing drain.
  1958 | D:3      | Reached skill level 4 in Staves
  1966 | D:3      | Sewer entrance seems to be in the center of the floor.
  1967 | Sewer    | Entered a sewer
  2087 | Sewer    | Reached XP level 5. HP: 26/27 MP: 6/6
  2227 | Sewer    | Spiral sewer with two bullfrogs at the center (end).
  2235 | Sewer    | Reached XP level 6. HP: 25/32 MP: 5/7
  2245 | Sewer    | Reached skill level 5 in Staves
  2254 | Sewer    | scarf of repulsion
  2295 | D:3      | Found a hide-covered altar of Uskayaw.
  2308 | D:3      | Became a worshipper of Uskayaw the Reveller
  2332 | D:3      | Reached * piety under Uskayaw
  2477 | D:3      | Reached ** piety under Uskayaw
  2484 | D:3      | orc with +1 war axe of pain
  2484 | D:3      | Also first orc wizard.
  2545 | D:3      | 4 poisoned darts
  2674 | D:3      | plate armor
  2821 | D:4      | murky blue potion - curing
  2821 | D:4      | also plain quarterstaff here
  2976 | D:4      | Book of Storms
  3005 | D:4      | amulet of guardian spirit
  3046 | D:4      | pink potion - brilliance
  3125 | D:4      | Noticed Eustachio
  3139 | D:4      | HP: 1/32 [frozen (3)]
  3139 | D:4      | Slain by a quasit

Illustrated notes #... #....## ##### ### ..... #...# ...# #.... #...# #...+ #... ####...# .....# #... #......####.....# ##.###................ #....).......@[....... ##.###................ #.# ######.....####.. #†# #........ #.# ........... #.# .....##...... #.# ......# #####. #.# ####### #.### ### Turn 102 on D:1: chain mail north of start #...........# # #.########### #. #.# #.# ######.## #..##.......# #......♣.♣..# ##..♣.♣†♣.# #.†♣_♣..# #@♣.♣.♣.# #..♣.♣..# #.......# ..........## .########## Turn 353 on D:1: Unknown altar in southeast corner. .######## # #.......# # .######## # #.## # ##.## # ###.## ### # # ##.## ... # ##.## #.# ###### # ##.##..# #.@..# # ##...# #....# ### ##..## #....# ..####..## #....###### #......## #.......... ######## ##.################ #.# #........ #.# #.####### #.# #.# Turn 420 on D:1: +6 int ring north of unknown altar chamber (to the left) ################ #............... ################ #~# #.......... #~###.###...... ####~~~###~###.... #.'##~~#~#~###.### #@##~#~#~~~~##.#.. #.##~#~#~~~~##.... #..#~#~~###~##.... #..#~##~# #~##.... #..#~##~# #~~##... #..#~##~# #~~~#... #..#~##~###~~~#... #..#~~####~~#~##.# #..#~~# ##~~#~#... Turn 710 on D:1: Strange stream area in the northwest; appears to be empty. #..#~~# ##~~#~#.. #.##~~# #~~#####. #..##~# #~~# #. #.>.#~# #~~# #. ##.##~####~# #. #........#~## #. #######..####..#~~# #. #.......†# #..#~~## #. #.####@..# #..##~~###. #...# ###.#~~~##. #..?# .##~.... #...# ###~.### #.... ##.. ###[## #### .. .## Turn 726 on D:1: Could be a good escape route for merfolk with Passwall. ############# #...........# #...........########## #....................+ #...........########## #....>......@....... #####...........######## ......###.####### #.###.###.# # #....<#.# #.......# #...##### #...# #...# Turn 932 on D:2: Book of Fire #.# ########## #.# #.# #.# #.# #.# #.# #.# #@# #.# #.# #.# #.# ..# .## # Turn 1089 on D:2: Another Book of Fire. Odd. ####..### #...## #.### ###.######### #............ ###......######### #.###....# #.... ##..P#....# #.### #.@..#.>..# #.# #....#....# #)# #.P..###### #.# #P....# #.### ###...# #.#.. ###.# #.#.# #)# #.#.# #.# #.#.. #.# #.### Turn 1243 on D:2: Through a hallway in the southeast you can access a room with lots of frilled lizards and a kobold. #. #.# #.##.# #.# ##.# #....# #.# #..####.### #.# #.....#.# #.# #.....#.# #.# #.._....# #.######.....#.# #............#.# #@#########....# ### ###### Turn 1611 on D:2: tower shield ##. # #...# ####.###. ......#........ #......@# ##......# ........# ##......# #......# ####.#.. #.### .. Turn 1906 on D:3: BUOMAN FUIMPUKH - teleport ##. # #...# ####.###. ......#........ #......@# ##......# ........# ##......# #......# ####.#.. #.### .. Turn 1907 on D:3: SETUCSUXT - enchant armor ##. # #...# ####.###. ......#........ #......@# ##......# ........# ##......# #......# ####.#.. #.### .. Turn 1908 on D:3: SIUTOUS KOWKY - identify #. #..#... #.##..#.. # ....... # #. #~~.~~# .# ##.##≈≈.~≈##.#.# ..~~~....~~≈.#.# #.~~.....~~.... #^~~..@......# #.~~.....~~.## #.~~....~≈~.# #.##~~~≈~##.# #.##†≈≈†≈##.# ..#######..~..†.....## .....####.###.######. #(.####.###.## ##...######. #...).................#.... Turn 1966 on D:3: Sewer entrance seems to be in the center of the floor. ##~~.~~~.~~~~.~## #~.~~.#####~~~.~## #~~~###~~~###~~~~# ##~~##~~.~.~~##.~.# ##.~##~~.~~~~~.##~†## #~.~~†~~~~~...~.#~.~# #.~~~~#######~~~##~~# #######~###~.~~≈##~~~#~~## #~~..~###@~~~~~~≈##.~#.~~# #~~~.~#.~~S.~~l.. #~~##~~# #~~~~~#..##~..[.~ ##~.#~.# #~~#~~#~.# ~~$(F. #~.#~~# #~~#~~#~~# .B?$F #.~#~~# #~~#~##~~# ~~.?~ #~~#~~# #..#~#.~~# .~.~ #~~#~~# #.~#.#∩~~# ~~~J #~~#~~# #~.#~#~~†## ##.~#~.# Turn 2227 on Sewer: Spiral sewer with two bullfrogs at the center (end). #~~~###~~~###~~~~# ##~~##~~.~.~~##.~.# ##.~##~~.~~~~~.##~†## #~.~~†~~~~~...~.#~.~# #.~~~~#######~~~##~~# #######~###~.~~≈##~~~#~~## #~~..~###.~~~~~~≈##.~#.~~# #~~~.~#.~†~.~~...≈#~~##~~# #~~~~~#.†##~..@.~≈##~.#~.# #~~#~~#~.#~~~.([.~≈#~.#~~# #~~#~~#~~#~~..?$.~≈#.~#~~# #~~#~##~~#~~~~.?~.≈#~~#~~# #..#~#.~~#≈~~.~.~≈≈#~~#~~# #.~#.#∩~~#≈~~~~~~≈≈#~~#~~# #~.#~#~~†##≈~~~~≈≈##.~#~.# #~~#~###~.#≈≈~~~≈≈#~.##~~# #.~#~~~#.~##≈≈~≈≈##~~#~~~# Turn 2254 on Sewer: scarf of repulsion #.####........ #.# #........ #.# #........ #.# #........ #.# #........ #.# #........ #.# ...###. #.# ##@# ##.#o# #.###o. ##.# o.# #.# .# ## .# # Turn 2484 on D:3: orc with +1 war axe of pain #................................ #.####.........#.######.<........ #.# #.........#.######.######.#. #.# #..................# #.#. #.# #.........#.#####..# #.#. #.# #.........#.# #..# ##.#. #.# #.........#.# ##..# #.... #.# #...###.###.# ##.#.## #..#. #.# #...###.###@###.###.####.##. #)####.#.........##.## ##.#.....† .#)#...#####.........###.##.##~~. ###..#.# ########.#.#..##.##≈≈. .#...#.# #.##.....~~~... #.#..#.# #.####.##.~~... ###..#.# #.# #.##^~~... #..#.# ... ..##.~~... #..... #.# ####.~~... Turn 2545 on D:3: 4 poisoned darts

#..# #.# #####.#####(.####.###.#
#..# #.# #.# #...[........ #[.#
#.# #.# #.≈≈≈.≈≈≈≈≈.# #.## #.#
#.# ###.≈.......≈.. #.# #.# #.#
#...≈(###.#.≈.. #.#
#.########.###.#.≈.#...#.≈.. #.#
#.#..............≈.#._.#.≈.# #.#
#.#.###.###.###..≈.#...#.≈.. #†#
#.#.# #.# #@# ##.≈.#.###.≈.. #.#
#.#.# #.# #.# #.≈.......≈.. #.#
#.#.###.###.# #.≈≈≈≈≈≈≈≈≈!.
#.####.#.........# #............
#.........##.##########..#.#####.
#............# #........<........
######)##.######.######..#######.
#...................... .
####........############ #


Turn 2674 on D:3: plate armor ### .###### ###...# ....#..## ##..)...#
....!...##....$... ..........##....# #.........##...# #..............#
.......@.....#### .............#..### # ..##..............# .##
##.##..........##...# ... #.............).. ###. #.......<.......# #
#.............### ......).........# ..............#..# Turn 2821 on D:4: murky
blue potion - curing . .. ...## ..... ...... .....# ...... ..... ...... ......
<... #....## ...... ... ..............##.# ...... ...#....#.## .## ##.###
#..###.....#....# .....# #....#...@......# ....## #.......####....#
.....###..#....# ..# ...##.....##...# # ...............# #...#.....>...##
#####.........# #..##.....# #######.### Turn 2976 on D:4: Book of Storms .....
....... ...$.... ..... #...... .<....##.....## .........#.....#
.........#.....## #.............@# #............## .###............#
.............#>## .............#### ............## ......<...†## ............#
.....##.#...## Turn 3005 on D:4: amulet of guardian spirit .....#### .....#..###
# ..........# .## ..........##...# .............).. .......<.......#
.............### ....).........####### ...........#..#.@#..##
...........#..#......# ...........# .#......#### >...##....#.. #.........#
....#..##...............# ....#..# ##.........##.### ....#.# ....#....#.....#
... ###.#....#....## .# #......#..### Turn 3046 on D:4: pink potion - brilliance

Levels and vault maps discovered:
D:1:      spicycebolla_arrival_xxxplode, layout_basic,
          chequers_ecumenical_altar_simple_redux, chequers_serial_rivers_large_b
D:2:      layout_basic, basic_altar, minmay_lizard_king
D:3:      layout_loops_ring, old_standard_altar, mainiacjoe_overflow_brackets,
          cheibrodos_sewer_entry_sluice
D:4:      layout_cave_pools, uniq_eustachio

Skill      XL: |  1  2  3  4  5  6 |
---------------+-------------------+-----
Staves         | 3 4 5 |  5.5
Stealth        | 1 2 3 |  3.9
Fighting       | 2 3 |  3.1
Throwing       | |  1.7
Dodging        | |  2.4

Action                     |  1- 3 |  4- 6 || total
---------------------------+-------+-------++-------
  Melee: Quarterstaff      |   114 |   188 ||   302
         Bite              |    22 |    42 ||    64
    Use: Scroll            |       |     5 ||     5
 Armour: Leather armour    |     4 |       ||     4
         Chain mail        |    46 |   120 ||   166
  Dodge: Dodged            |    51 |    99 ||   150
         Repelled          |       |     1 ||     1

Table legend: (Time is in decaauts)
 A = Elapsed time spent in this place.
 B = Non-inter-level travel time spent in this place.
 C = Inter-level travel time spent in this place.
 D = Time resting spent in this place.
 E = Time spent auto-exploring this place.
 F = Levels seen in this place.
 G = Mean time per level.
                   A        B        C        D        E       F      G
               +--------+--------+--------+--------+--------+-----+--------+
         Total |   3244 |   3017 |    227 |      0 |      0 |   5 |  648.8 |
       Dungeon |   2870 |   2643 |    227 |      0 |      0 |   4 |  717.5 |
         Sewer |    374 |    374 |      0 |      0 |      0 |   1 |  374.0 |
               +--------+--------+--------+--------+--------+-----+--------+

Top non-repeatable levels by time:
     D:2: 1013 daAuts
     D:1: 929 daAuts
     D:3: 589 daAuts
   Sewer: 374 daAuts
     D:4: 337 daAuts
